 Dungeon Crawl Stone Soup version 0.19.0-2-gae57169 (webtiles) character file.

1488 Gingerlord the Fighter (level 8, -11/88 HPs)
             Began as an Ogre Wanderer on Nov 7, 2016.
             Was a Follower of Okawaru.
             Mangled by an orc warrior
             ... wielding a +0 battleaxe
              (20 damage)
             ... on level 6 of the Dungeon.
             The game lasted 00:12:54 (5748 turns).

Gingerlord the Fighter (Ogre Wanderer)              Turns: 5748, Time: 00:12:54

Health: -11/88     AC:  7    Str: 19    XL:     8   Next: 80%
Magic:  17/17      EV: 11    Int: 12    God:    Okawaru [*.....]
Gold:   440        SH:  0    Dex: 11    Spells: 0 memorised, 7 levels left

rFire  . . .     SeeInvis .     u - +5 whip (venom)
rCold  . . .     Gourm    .     i - +2 robe {MR+}
rNeg   . . .     Faith    .     (no shield)
rPois  .         Spirit   .     (helmet restricted)
rElec  .         Reflect  .     o - +1 cloak
rCorr  .         Harm     +     (gloves unavailable)
MR     +....                    (boots unavailable)
Stlth  ++........               v - amulet of harm
                                b - +2 ring of dexterity
                                c - ring of magical power

@: about to teleport, invisible
A: unfitting armour, tough skin 1
a: Heroism, Renounce Religion


You were on level 6 of the Dungeon.
You worshipped Okawaru.
Okawaru was aware of your devotion.
You were hungry.

You visited 2 branches of the dungeon, and saw 7 of its levels.
You also visited: Sewer.

You collected 440 gold pieces.

Inventory:

Hand Weapons
 u - a +5 whip of venom (weapon)
 w - a +0 giant spiked club
Armour
 i - a +2 robe of magic resistance (worn)
 o - a +1 cloak (worn)
Jewellery
 b - a +2 ring of dexterity (right hand)
 c - a ring of magical power (left hand)
 v - an amulet of harm (around neck)
Scrolls
 f - 4 scrolls of teleportation
 k - a scroll of enchant weapon {unknown}
 m - a scroll of amnesia
Potions
 d - 2 potions of magic
 e - 5 potions of flight
 j - 2 potions of degeneration
 l - a potion of cure mutation
 p - a potion of haste {unknown}
 t - a potion of mutation {unknown}
Miscellaneous
 q - a phantom mirror
Comestibles
 a - a beef jerky
 g - 3 bread rations
 h - a slice of pizza
 r - 3 meat rations
 s - a fruit


   Skills:
 + Level 8.0 Fighting
   Level 1.4 Long Blades
 + Level 6.3 Maces & Flails
 + Level 4.3 Throwing
 + Level 4.0 Armour
 + Level 3.9 Dodging
 - Level 2.1 Stealth
 + Level 0.2 Invocations


You had 7 spell levels left.
You didn't know any spells.

Dungeon Overview and Level Annotations

Branches:
Dungeon (6/15)             Temple (1/1) D:5

Altars:
Ashenzari
Cheibriados
Dithmenos
Elyvilon
Fedhas
Gozag
Hepliaklqana
Kikubaaqudgha
Makhleb
Nemelex Xobeh
Okawaru
Qazlal
Ru
Sif Muna
Trog
Uskayaw
Vehumet
Yredelemnul
Zin
The Shining One


Innate Abilities, Weirdness & Mutations

You are too large for most types of armour.
You have tough skin. (AC +1)


Message History

The adder skeleton bites you but does no damage.
The orc warrior hits you with a battleaxe!!
You barely miss the orc priest.
The adder skeleton bites you but does no damage.
The orc wizard misses you.
Unknown command.
As you read the scroll of teleportation, it crumbles to dust.
You feel strangely unstable.
The orc priest calls down the wrath of Beogh upon you.
Beogh smites you!
* * * LOW HITPOINT WARNING * * *
The orc warrior misses you.
The adder skeleton bites you but does no damage.
The orc wizard points at you and mumbles some strange words.
The magic dart hits you!
* * * LOW HITPOINT WARNING * * *
You fade into invisibility!
The orc priest barely misses you. The adder skeleton barely misses you.
The orc warrior hits you with a battleaxe!
You die...

**########## *,)........#
*,.........########
*,..?.........#...##
*,.......o.........##
*,.......Z@.........#
*,.......oo.........#
**........)..........#
*##....................##
*###..,,.....#.............#
#....,,*.####............#.###
...#****,**#.%#..........#...###
#).# *,*>..##....#...#.###...#
..## **,*.##*..####.#...#####.##


You could see an orc warrior, an orc priest, an orc wizard and an adder
skeleton.

Vanquished Creatures
  Menkaure (D:3)
  2 ogres
  The ghost of Janus the Ruffian, an amateur DrWn (Sewer)
  A centaur (D:6)
  A water moccasin zombie (D:5)
  A howler monkey (D:5)
  2 hounds (D:4)
  A gnoll shaman (D:5)
  4 orc wizards
  4 orc priests
  Ijyb (D:3)
  Terence (D:3)
  Jessica (D:2)
  A siren (Sewer)
  Natasha (thrice) (D:3)
  A worker ant (D:5)
  A merfolk avatar (Sewer)
  A hound skeleton (D:6)
  11 adders
  11 gnolls (D:5)
  2 river rats
  A shadow imp (D:5)
  4 oozes
  A worm (D:2)
  4 dart slugs
  8 leopard geckos
  9 orcs
  5 ball pythons
  10 giant cockroaches
  6 goblins
  7 hobgoblins
  5 jackals
  4 quokkas
  3 bats
  7 frilled lizards
  9 kobolds
  A quokka skeleton (D:4)
  A quokka zombie (D:5)
  31 rats
168 creatures vanquished.

Vanquished Creatures (others)
  A goblin (D:3)
1 creature vanquished.

Grand Total: 169 creatures vanquished

Notes
Turn   | Place    | Note
-------+----------+-------------------------------------------
     0 | D:1      | Gingerlord the Ogre Wanderer began the quest for the Orb.
     0 | D:1      | Gingerlord set off with: a curare-tipped needle, a +2 blowgun, a +0 falchion, a potion of lignification, a +0 robe, a +0 dagger, a bread ration
     0 | D:1      | Reached XP level 1. HP: 27/27 MP: 1/1
    78 | D:1      | Reached XP level 2. HP: 31/35 MP: 2/2
   452 | D:1      | Reached skill level 1 in Armour
   452 | D:1      | Reached XP level 3. HP: 42/42 MP: 3/3
   933 | D:2      | Noticed Jessica
   945 | D:2      | Killed Jessica
   945 | D:2      | Reached skill level 1 in Dodging
   945 | D:2      | Reached XP level 4. HP: 49/52 MP: 4/4
  1797 | D:3      | Noticed Terence
  1804 | D:3      | Killed Terence
  1804 | D:3      | Reached XP level 5. HP: 48/59 MP: 5/5
  2143 | D:3      | Noticed Ijyb
  2153 | D:3      | Killed Ijyb
  2153 | D:3      | Reached skill level 6 in Fighting
  2175 | D:3      | Noticed Natasha
  2179 | D:3      | Killed Natasha
  2397 | D:3      | Noticed Natasha
  2401 | D:3      | Killed Natasha
  2452 | D:4      | Noticed Menkaure
  2465 | D:3      | Reached XP level 6. HP: 63/67 MP: 6/6
  2489 | D:3      | Noticed Natasha
  2500 | D:3      | Killed Natasha
  2507 | D:3      | Killed Menkaure
  2819 | D:4      | Reached XP level 7. HP: 61/76 MP: 7/7
  2831 | D:4      | Got a fine robe
  2842 | D:4      | Identified the +2 robe "Ajauw" {+Blink} (You found it on level 4 of the Dungeon)
  3011 | D:4      | Found a stormy altar of Qazlal.
  3342 | D:5      | Entered Level 5 of the Dungeon
  3760 | D:5      | Reached skill level 7 in Fighting
  3914 | D:5      | Found a glowing golden altar of the Shining One.
  4013 | D:5      | Found a staircase to the Ecumenical Temple.
  4025 | Temple   | Entered the Ecumenical Temple
  4185 | D:5      | Found an iron altar of Okawaru.
  4189 | D:5      | Reached XP level 8. HP: 70/87 MP: 8/8
  4197 | D:5      | Reached skill level 5 in Maces & Flails
  4433 | D:5      | Found a white marble altar of Elyvilon.
  4437 | D:5      | Became a worshipper of Warmaster Okawaru
  4735 | D:6      | Found a shadowy altar of Dithmenos.
  4979 | D:6      | Found a glowing drain.
  4994 | Sewer    | Entered a sewer
  5402 | Sewer    | Noticed Janus's ghost (amateur DrWn)
  5437 | Sewer    | Killed Janus's ghost
  5437 | Sewer    | Reached * piety under Okawaru
  5437 | Sewer    | Reached skill level 8 in Fighting
  5681 | D:6      | Found a blossoming altar of Fedhas.
  5748 | D:6      | Mangled by an orc warrior

Skill      XL: |  1  2  3  4  5  6  7  8 |
---------------+-------------------------+-----
Armour         | 1 2 3 4 |  4.0
Maces & Flails | 2 3 4 6 |  6.3
Dodging        | 1 2 3 |  3.9
Fighting       | 6 7 8 |  8.0
Throwing       | 2 3 4 |  4.3
Long Blades    | |  1.4
Stealth        | |  2.1
Invocations    | |  0.2

Action                   |  1- 3 |  4- 6 |  7- 9 || total
-------------------------+-------+-------+-------++-------
Melee: Falchion          |    71 |    34 |       ||   105
       Whip              |       |    84 |   296 ||   380
  Use: Potion            |       |     4 |     1 ||     5
       Scroll            |       |     1 |     8 ||     9
 Stab: Sleeping          |     3 |     4 |     4 ||    11
       Distracted        |       |       |     1 ||     1
  Eat: Chunk             |       |     5 |     7 ||    12
       Pizza             |       |     1 |     1 ||     2
Armor: Robe              |    25 |    43 |    83 ||   151
       Skin              |       |     8 |       ||     8
Dodge: Dodged            |    29 |    45 |   130 ||   204
       Rpst.: Falchion   |    10 |     8 |       ||    18
